Map: Lerilak Crest

Players

iaguz - Winner!

  • Race: Terran Terran

Petraeus

  • Race: Zerg Zerg
  • League: Grandmaster

Event: 2016 WCS Winter Challenger Oceania SEA

VOD

Have the link to the VOD?

Description

Time

  • Played on: Feb. 13, 2016, midnight
  • Length: 10:32

All games in this series

Show
View Real Time Build Order
Export as new Build Order

iaguz Terran - Winner!

Build Orders: Reaper Expand, Bio Tank 

Get SALT Encoding   

  12  0:00  SCV  
  13  0:12  SCV  
  14  0:17  Supply Depot  
  14  0:25  SCV  
  15  0:38  SCV  
  15  0:40  Barracks  
  16  0:43  Refinery  
  16  0:50  SCV  
  17  1:02  SCV  
  18  1:14  SCV  
  19  1:27  Reaper, Orbital Command  
  20  1:41  Command Center  
  20  1:50  Supply Depot  
  20  1:53  SCV  
  21  1:59  Marine  
  22  2:05  SCV  
  23  2:09  Factory  
  23  2:14  Refinery  
  23  2:20  Barracks Reactor  
  23  2:23  SCV  
  24  2:35  SCV  
  25  2:47  SCV  
  26  2:54  Orbital Command  
  26  2:55  Starport  
  26  2:59  SCV  
  27  3:08  Hellion x2  
  27  3:11  SCV, Marine  
  33  3:18  Supply Depot  
  33  3:19  SCV  
  34  3:21  Bunker  
  34  3:31  Hellion x2, Marine  
  39  3:34  SCV  
  39  3:35  SCV  
  39  3:38  Medivac  
  43  3:46  SCV  
  44  3:49  SCV  
  44  3:55  Widow Mine x2  
  45  3:56  Marine  
  45  3:59  SCV  
  45  4:00  Supply Depot  
  45  4:01  SCV  
  52  4:11  SCV  
  52  4:13  SCV, Starport Tech Lab  
  54  4:23  SCV  
  55  4:25  SCV  
  55  4:26  Liberator  
  56  4:31  Command Center  
  56  4:36  SCV  
  56  4:37  SCV  
  58  4:40  Supply Depot  
  58  4:44  Barracks Tech Lab  
  61  4:52  Barracks, SCV  
  62  4:54  Supply Depot  
  62  5:01  Siege Tank, SCV  
  62  5:04  Marine  
  62  5:05  Stimpack  
  62  5:06  SCV  
  68  5:08  Barracks  
  68  5:13  SCV  
  69  5:18  SCV  
  67  5:25  SCV  
  66  5:30  SCV  
  66  5:33  Siege Tank  
  68  5:38  SCV, Marine  
  68  5:41  Starport Reactor  
  68  5:42  SCV  
  68  5:43  Refinery  
  68  5:44  Refinery, Engineering Bay, Orbital Command  
  68  5:46  Barracks, Engineering Bay  
  68  5:47  Barracks  
  61  5:50  SCV  
  61  5:53  Marine x2  
  64  5:57  SCV  
  64  6:02  Barracks Reactor, SCV  
  66  6:08  Marine  
  66  6:09  SCV  
  71  6:14  SCV x2  
  71  6:15  Terran Infantry Weapons Level 1, Terran Infantry Armor Level 1  
  71  6:17  Marine  
  71  6:18  Marine  
  73  6:20  Supply Depot x2  
  73  6:22  Medivac x2, SCV  
  75  6:26  SCV  
  75  6:27  SCV  
  75  6:30  Marine  
  78  6:34  SCV  
  78  6:35  Barracks Reactor x2  
  78  6:37  Marine x2  
  78  6:38  SCV  
  78  6:39  SCV  
  83  6:43  Marine  
  83  6:44  Siege Tank, Marine  
  83  6:46  SCV  
  89  6:48  Supply Depot, Marine  
  89  6:50  Supply Depot, SCV  
  89  6:51  SCV  
  92  6:55  Marine  
  92  6:58  SCV  
  92  7:00  Marine  
  92  7:01  Medivac x2, Marine x2  
  99  7:02  SCV  
  99  7:03  Refinery, SCV  
  99  7:04  Refinery  
  99  7:05  Marine  
  104  7:10  SCV  
  104  7:12  Marine  
  104  7:14  Marine x4  
  107  7:17  Supply Depot, SCV x2, Marine  
  107  7:18  Supply Depot  
  107  7:19  Marine x2  
  107  7:20  Supply Depot, Armory  
  107  7:22  SCV  
  113  7:25  Siege Tank, Marine  
  117  7:35  Marine x3  
  117  7:36  Marine x2  
  122  7:42  Factory  
  122  7:43  Supply Depot  
  122  7:44  Supply Depot  
  122  7:45  Combat Shields  
  122  7:46  Marauder, Marine x3  
  122  7:47  Medivac  
  129  7:53  Marine x4  
  130  8:01  Marine  
  130  8:04  Marine x2  
  133  8:08  Marauder  
  133  8:10  Siege Tank, Marine  
  133  8:11  Marine  
  140  8:15  Marine x2  
  140  8:18  Medivac x2  
  146  8:22  Command Center  
  146  8:23  Supply Depot  
  146  8:25  Supply Depot  
  144  8:29  Marauder  
  144  8:31  Factory Tech Lab  
  144  8:34  Marine x6  
  146  8:35  Marine x2  
  146  8:39  Barracks x2  
  154  8:50  Marauder  
  154  8:52  Marine x4  
  154  8:55  Marine x2  
  158  8:58  Marine  
  158  8:59  Marine  
  159  9:07  Siege Tank x2, Medivac  
  159  9:08  Medivac  
  159  9:09  Marine  
  163  9:10  Marine x2  
  163  9:13  Marauder, Marine x2  
  166  9:18  Marine x2  
  166  9:19  Marine  
  167  9:27  Marine  
  167  9:28  Barracks Tech Lab x2, Marine x2  
  167  9:30  Marine  
  167  9:31  Marine  
  172  9:32  Starport  
  172  9:35  Marauder, Marine  
  175  9:46  Marine x2  
  175  9:47  Marauder  
  175  9:48  Marine x2  
  175  9:49  Marauder  
  175  9:52  Marine  
  181  9:54  Marine x2  
  181  9:56  Marauder  
  181  9:58  Marine  
  181  9:59  Siege Tank x2, Medivac x2  
  196  10:04  Marine  
  196  10:06  Marine  
  196  10:10  Marine  
  196  10:11  Marine x2  
  196  10:12  Starport Reactor, Marine x2  
Show
View Real Time Build Order
Export as new Build Order

Petraeus Zerg 

Build Orders: Hatch First 

Get SALT Encoding   

  12  0:01  Drone  
  13  0:08  Drone  
  14  0:16  Overlord  
  14  0:22  Extractor  
  14  0:23  Drone  
  15  0:35  Drone x2  
  17  0:53  Hatchery  
  17  0:55  Drone  
  17  0:58  Drone  
  18  1:09  Extractor  
  17  1:13  Spawning Pool  
  17  1:15  Drone  
  17  1:18  Drone  
  19  1:40  Hatchery  
  19  1:41  Drone  
  19  1:46  Drone  
  20  2:00  Queen  
  22  2:05  Zergling x2, Queen  
  22  2:08  Zergling x2  
  26  2:12  Drone  
  27  2:16  Overlord  
  27  2:20  Drone  
  28  2:36  Zergling x2  
  28  2:37  Drone, Queen  
  28  2:40  Drone  
  28  2:42  Queen  
  34  2:45  Drone  
  35  2:52  Drone  
  35  2:53  Drone  
  35  2:56  Drone x2  
  39  2:59  Drone  
  39  3:02  Extractor  
  39  3:04  Extractor  
  38  3:05  Drone  
  38  3:07  Drone  
  38  3:12  Overlord, Drone  
  41  3:13  Drone  
  41  3:19  Overlord  
  42  3:30  Drone x5  
  42  3:31  Drone x2  
  48  3:38  Overlord  
  48  3:39  Drone  
  49  3:45  Roach Warren  
  48  3:51  Lair  
  48  3:53  Zergling x4  
  50  4:01  Drone x2  
  52  4:03  Zergling x4  
  52  4:05  Metabolic Boost, Drone x2  
  56  4:11  Drone x2  
  56  4:12  Overlord  
  56  4:14  Drone  
  56  4:16  Extractor  
  58  4:20  Overlord  
  58  4:21  Drone x2  
  60  4:26  Overlord x2  
  60  4:36  Roach x3  
  66  4:39  Roach  
  66  4:40  Drone  
  66  4:43  Drone x2  
  71  4:45  Drone  
  71  4:46  Drone  
  71  4:49  Glial Reconstitution  
  71  4:50  Drone, Extractor  
  73  4:53  Evolution Chamber  
  73  4:55  Evolution Chamber  
  73  4:56  Drone x2  
  73  4:59  Drone x2  
  75  5:04  Drone  
  75  5:05  Drone  
  73  5:08  Zergling x2  
  73  5:09  Zergling x6  
  73  5:10  Spore Crawler  
  73  5:11  Overseer  
  73  5:14  Drone x2  
  77  5:22  Drone x2  
  77  5:26  Drone x2  
  66  5:30  Drone  
  65  5:36  Drone x2  
  65  5:38  Drone  
  65  5:39  Drone  
  66  5:43  Drone  
  66  5:44  Drone  
  66  5:48  Drone x2  
  69  5:51  Drone  
  69  5:54  Zerg Missile Weapons Level 1  
  70  5:57  Zerg Ground Armor Level 1  
  70  6:02  Drone  
  69  6:05  Ravager x3  
  72  6:12  Drone x2  
  72  6:13  Drone x2, Spore Crawler  
  72  6:16  Drone x2  
  77  6:20  Drone x2  
  77  6:21  Drone  
  80  6:33  Drone x6  
  80  6:37  Infestation Pit  
  80  6:39  Extractor x2  
  83  6:40  Drone, Ravager  
  83  6:41  Drone x3  
  83  6:43  Spore Crawler  
  83  6:44  Overlord  
  87  6:48  Roach  
  89  6:54  Overlord x2  
  89  7:07  Hatchery  
  85  7:08  Drone x2  
  85  7:13  Hive  
  85  7:15  Drone x5  
  91  7:20  Queen  
  91  7:22  Infestor x2  
  93  7:25  Overlord x2  
  93  7:28  Infestor  
  99  7:33  Queen  
  99  7:34  Overseer  
  99  7:36  Zergling x6  
  99  7:37  Zergling x4  
  106  7:38  Overlord  
  106  7:49  Ravager  
  106  7:51  Roach x2  
  111  7:56  Pneumatized Carapace  
  107  8:00  Drone x2  
  107  8:01  Drone x4  
  107  8:02  Drone  
  114  8:11  Queen, Roach x6  
  128  8:16  Extractor  
  128  8:18  Overlord  
  128  8:19  Overlord, Overseer  
  127  8:20  Overlord, Extractor  
  124  8:28  Adrenal Glands  
  124  8:29  Drone  
  124  8:30  Ultralisk Cavern  
  124  8:38  Queen x2  
  110  8:56  Drone  
  110  8:57  Drone x11  
  114  9:21  Ultralisk x3  
  132  9:28  Ultralisk  
  143  9:38  Ultralisk  
  143  9:39  Zergling x8  
  145  9:51  Zergling x22  
  148  10:05  Zergling x8  
  148  10:06  Zergling x2  
Tags
 
Add a new tag
Caveats
  • Supply blocks, unpowered buildings, or Contaminate may cause inaccurate times.
  • Supply counts are checked every 10 seconds.